 Dungeon Crawl Stone Soup version 0.27.1-33-g824d729ab1 (webtiles) character file.

Game seed: 8511486034739927413

8542 tkbsonic5 the Nimble (level 11, -1/76 HPs)
             Began as a Djinni Fire Elementalist on Nov 25, 2021.
             Was a Believer of Qazlal.
             Slain by a yak (14 damage)
             ... on level 1 of the Lair of Beasts.
             The game lasted 01:04:00 (12935 turns).

tkbsonic5 the Nimble (Djinni Fire Elementalist)    Turns: 12935, Time: 01:04:02

Health: -1/76      AC:  8    Str:  7    XL:     11   Next: 57%
Gold:   511        EV: 17    Int: 19    God:    Qazlal [**....] SH:  3 Dex: 15

rFire    + + +     SeeInvis .   K - +10 hunting sling of Freezing Cruel Justice {freeze, +Blink rPois rCorr, SAUCE}
rCold    x . .     Faith    .   (no shield)
rNeg     . . .     Spirit   .   H - +2 robe {Will+}
rPois    ∞         Reflect  .   (no helmet)
rElec    .         Harm     .   b - +0 cloak
rCorr    +         Rampage  .   C - +2 pair of gloves
Will     ++...                  (boots unavailable)
Stlth    ++........             (no amulet)
HPRegen  0.22/turn              c - ring of protection from fire
MPRegen  0.00/turn              t - ring of protection from fire

@: flying
A: sickness immunity, fire resistance 2, cold vulnerability 1, float, innate
caster, hp casting, extra vitality 1
a: Renounce Religion, Evoke Blink, Upheaval


You were on level 1 of the Lair of Beasts.
You worshipped Qazlal.
Qazlal was pleased with you.
You visited 3 branches of the dungeon, and saw 12 of its levels.

You collected 709 gold pieces.
You spent 198 gold pieces at shops.

Inventory:

Hand Weapons
 d - a +1 vampiric spear
 i - a +1 spectral club
 l - a +0 hand crossbow
 A - a +0 lajatang
 B - a +0 shortbow
 D - a +1 war axe of electrocution
 I - a +1 dagger of draining
 K - the +10 hunting sling of Freezing Cruel Justice (weapon) {freeze, +Blink rPois rCorr, SAUCE}
   (You found it on level 8 of the Dungeon)

   Any ammunition fired from it freezes those it strikes, dealing additional
   cold damage.
   It can also slow down cold-blooded creatures.
   rPois:     It protects you from poison.
   +Blink:    It lets you blink.
   rCorr:     It protects you from acid and corrosion.
Missiles
 n - 239 stones
 o - 33 sling bullets (quivered ammo)
 q - 54 poisoned darts
 r - 31 bolts
 v - 85 arrows
Armour
 b - a +0 cloak (worn)
 g - a +0 chain mail
 j - a +2 robe of positive energy
 C - a +2 pair of gloves (worn)
 H - a +2 robe of willpower (worn)
Jewellery
 c - a ring of protection from fire (left hand)
 t - a ring of protection from fire (right hand)
 J - a ring of protection from fire
Wands
 h - a wand of flame (8)
 u - a wand of acid (8)
 y - a wand of digging (3)
 E - a wand of paralysis (5)
Scrolls
 e - 4 scrolls of enchant weapon {unknown}
 s - a scroll of fog
 w - 7 scrolls of teleportation
 G - a scroll of brand weapon {unknown}
 L - a scroll of amnesia {unknown}
 M - a scroll of fear
 P - 3 scrolls of identify
 Q - 2 scrolls of magic mapping
Potions
 k - a potion of lignification {unknown}
 m - a potion of curing
 p - 2 potions of berserk rage
 x - 4 potions of mutation
 z - a potion of might
 F - 2 potions of attraction {unknown}
 O - a potion of degeneration {unknown}


   Skills:
 + Level 6.2 Fighting
 - Level 3.0 Polearms
 * Level 4.6(5.0) Slings
 - Level 2.7(4.1) Throwing
 * Level 10.0 Dodging
 - Level 1.5 Stealth
 * Level 8.8 Spellcasting


You couldn't memorise any spells.
You knew the following spells:

 Your Spells              Type           Power      Damage    Failure   Level
a - Foxfire               Conj/Fire      100%       2x1d9     1%          1
b - Conjure Flame         Conj/Fire      41%        6-21      1%          3
c - Inner Flame           Hex/Fire       41%        N/A       1%          3
d - Sticky Flame          Conj/Fire      41%        2d6       2%          4
e - Fireball              Conj/Fire      20%        3d10      6%          5
f - Sandblast             Erth           82%        2d17      1%          1
g - Slow                  Hex            41%        N/A       1%          2
h - Poisonous Vapours     Pois/Air       82%        N/A       1%          2
i - Vampiric Draining     Necr           20%        2d8       1%          3
j - Passage of Golubria   Tloc           N/A        N/A       2%          4
Your spell library was empty.

Dungeon Overview and Level Annotations

Branches:
Dungeon (10/15)            Temple (1/1) D:5            Lair (1/6) D:10
    Orc: D:9-12

Altars:
Ashenzari
Cheibriados
Dithmenos
Elyvilon
Fedhas
Gozag
Hepliaklqana
Kikubaaqudgha
Makhleb
Nemelex Xobeh
Okawaru
Qazlal
Ru
Sif Muna
Trog
Uskayaw
Vehumet
Wu Jian
Xom
Yredelemnul
Zin
The Shining One

Shops:
D:4 *=   D:7 :

Portals:
Trove: D:10 (lose all piety)


Innate Abilities, Weirdness & Mutations

You are immune to sickness and miasma.
You are immune to poison.
Your flesh is very heat resistant. (rF++)
You are vulnerable to cold. (rC-)
You float through the air rather than walking.
You learn spells naturally, not from books.
Your magical power is your life essence.
You have superior vitality. (+4 HP)


Message History

* * * LOW HITPOINT WARNING * * *
The water moccasin bites you.
* * * LOW HITPOINT WARNING * * *
The yak barely misses you.
The water moccasin completely misses you.
You feel better. The yak gores you!
* * * LOW HITPOINT WARNING * * *
The water moccasin bites you.
* * * LOW HITPOINT WARNING * * *
The yak gores you but does no damage.
You fail to use your ability.
The water moccasin barely misses you. The yak barely misses you.
The water moccasin bites you!
* * * LOW HITPOINT WARNING * * *
A bullfrog comes into view.
Okay, then.
You blink.
Found 16 gold pieces.
The bullfrog croaks.
You fail to use your ability.
The bullfrog closely misses you. The yak closely misses you.
The bullfrog closely misses you.
You fail to use your ability.
The yak misses you. The bullfrog misses you. The yak closely misses you.
You blink.
What are your orders? t - Shout!
Orders for allies: a - Attack new target. r - Retreat! s - Stop attacking. g - Guard the area. f - Follow me.
Anything else - Cancel.
Okay, then.
The yak misses you.
The water moccasin completely misses you.
The yak closely misses you. The water moccasin barely misses you.
The water moccasin bites you but does no damage.
The water moccasin barely misses you. The water moccasin closely misses you.
There is a staircase back to the Dungeon here.
The water moccasin completely misses you.
The yak gores you!
You die...

.... ##.... #### ##
#..).# .#.. #.##....#
.... .......## ##...P
........####.....
#........##......
##..##>........###
#####@S#####.........#
#.....YF####..††....##
#.###.##YY..Y.....(...#
## ##..........(..(
#..##..##P.....
....####.##....##
>..... #.####..# ######
### ###


You could see 3 yaks, a water moccasin and a bullfrog.

Vanquished Creatures
  A two-headed ogre (D:10)
  A wizard (D:10)
  A black mamba (Lair:1)
  A cane toad (Lair:1)
  Psyche (D:8)
  A troll (D:9)
  2 hornets
  A wyvern (D:7)
  11 yaks
  A basilisk (Lair:1)
  A water moccasin (D:8)
  An acid dragon (D:10)
  5 ice beasts
  A black bear (D:4)
  2 orc warriors
  A hornet zombie (D:8)
  5 necrophages
  An ogre (D:5)
  2 centaurs
  A phantom (D:6)
  3 kobold brigands
  3 bullfrogs
  A water moccasin zombie (D:5)
  A howler monkey (D:9)
  6 centaur zombies
  5 hounds
  3 jellies
  2 orc priests (D:7)
  2 bullfrog skeletons (D:5)
  A gnoll shaman (D:10)
  Jessica (D:3)
  Terence (D:3)
  5 iguanas
  10 orc wizards
  A killer bee zombie (D:7)
  A hound skeleton (D:4)
  4 gnolls (D:10)
  6 adders
  A shadow imp (D:6)
  A white imp (D:8)
  An ufetubus (D:6)
  A worm (D:3)
  A dart slug (D:2)
  21 orcs
  9 ball pythons
  3 bats
  4 endoplasms
  4 giant cockroaches
  4 goblins
  5 hobgoblins
  5 jackals
  A quokka (D:2)
  4 frilled lizards
  16 kobolds
  5 rats
  2 butterflies (D:2)
  A foxfire (D:9)
186 creatures vanquished.

Vanquished Creatures (others)
  291 foxfires
  2 plants (Lair:1)
293 creatures vanquished.

Grand Total: 479 creatures vanquished

Notes
Turn   | Place    | Note
-------+----------+-------------------------------------------
     0 | D:1      | tkbsonic5 the Djinni Fire Elementalist began the quest for
                  | the Orb.
     0 | D:1      | Reached XP level 1. HP: 15/15 MP: 0/0
   449 | D:1      | Reached XP level 2. HP: 21/21 MP: 0/0
  1285 | D:2      | Reached XP level 3. HP: 24/25 MP: 0/0
  1285 | D:2      | Learned a level 1 spell: Sandblast
  1929 | D:2      | Reached XP level 4. HP: 20/31 MP: 0/0
  2420 | D:3      | Noticed Jessica
  2425 | D:3      | Killed Jessica
  2426 | D:3      | Reached skill level 1 in Polearms
  2442 | D:3      | Reached skill level 1 in Fighting
  2860 | D:3      | Noticed Terence
  2865 | D:3      | Reached XP level 5. HP: 26/37 MP: 0/0
  2865 | D:3      | Learned a level 2 spell: Slow
  2871 | D:3      | Killed Terence
  3259 | D:3      | Found a faded altar of an unknown god.
  3457 | D:4      | Noticed a sky beast
  4094 | D:4      | Reached skill level 3 in Dodging
  4097 | D:4      | Reached XP level 6. HP: 21/42 MP: 0/0
  4509 | D:4      | Found Lyifom's Jewellery Shoppe.
  4529 | D:4      | Found a hazy altar of Hepliaklqana.
  4754 | D:4      | Found Isoy's Assorted Antiques.
  4758 | D:4      | Bought a twisted ivory wand for 88 gold pieces
  4758 | D:4      | Bought a scroll of identify for 44 gold pieces
  4758 | D:4      | Bought a scroll labelled IXKOHI JANLAXU for 22 gold pieces
  4758 | D:4      | Bought a scroll of identify for 44 gold pieces
  4785 | D:4      | Noticed a black bear
  4800 | D:4      | Killed a black bear
  5178 | D:5      | Entered Level 5 of the Dungeon
  5224 | D:5      | Reached XP level 7. HP: 41/47 MP: 0/0
  5224 | D:5      | Learned a level 2 spell: Poisonous Vapours
  5389 | D:5      | Reached skill level 5 in Spellcasting
  5864 | D:5      | Reached XP level 8. HP: 39/54 MP: 0/0
  6032 | D:5      | Reached skill level 4 in Dodging
  6189 | D:5      | Found a staircase to the Ecumenical Temple.
  6195 | Temple   | Entered the Ecumenical Temple
  6273 | Temple   | Became a worshipper of Qazlal Stormbringer
  6564 | D:5      | Reached skill level 1 in Throwing
  7220 | D:6      | Reached skill level 5 in Dodging
  7604 | D:6      | Reached XP level 9. HP: 46/60 MP: 0/0
  7604 | D:6      | Learned a level 3 spell: Vampiric Draining
  7790 | D:6      | Got Demy's Collected Works on Damaging Poison
  8005 | D:6      | Reached skill level 6 in Dodging
  8430 | D:7      | HP: 2/62 [orc priest/divine providence (11)]
  8840 | D:7      | Found Qynnar's Book Shop.
  8925 | D:7      | Reached * piety under Qazlal
  9199 | D:7      | Reached skill level 7 in Dodging
  9449 | D:8      | Noticed Psyche
  9458 | D:8      | Killed Psyche
  9459 | D:8      | Reached XP level 10. HP: 39/69 MP: 0/0
 10085 | D:8      | Identified the +10 hunting sling of Freezing Cruel Justice
                  | {freeze, +Blink rPois rCorr}
 10491 | D:8      | Reached skill level 8 in Dodging
 10673 | D:8      | Found a glowing golden altar of the Shining One.
 10954 | D:9      | Reached skill level 1 in Slings
 11055 | D:9      | Reached ** piety under Qazlal
 11195 | D:9      | Reached skill level 5 in Fighting
 11628 | D:9      | Reached skill level 9 in Dodging
 11671 | D:10     | Entered Level 10 of the Dungeon
 11696 | D:10     | Found a staircase to the Lair.
 11764 | D:10     | Found a portal to a secret trove of treasure.
 11780 | D:10     | Noticed a two-headed ogre
 11798 | D:10     | Killed a two-headed ogre
 11799 | D:10     | Reached XP level 11. HP: 34/76 MP: 0/0
 11799 | D:10     | Learned a level 4 spell: Passage of Golubria
 12235 | D:10     | Noticed a wizard
 12241 | D:10     | Killed a wizard
 12518 | D:10     | Found a sacrificial altar of Ru.
 12868 | Lair:1   | Entered Level 1 of the Lair of Beasts
 12912 | Lair:1   | Reached skill level 10 in Dodging
 12935 | Lair:1   | Slain by a yak

Illustrated notes

Levels and vault maps discovered:
D:1:      dpeg_arrival_pits, layout_loops_corners
D:2:      layout_basic, minivault_19, hangedman_glass_garden,
          minmay_pentomino_r2
D:3:      layout_basic, vehumet_altar_wand_db,
          hellmonk_ecumenical_altar_heavens_door, amcnicky_mini_pool_small,
          uniq_jessica, uniq_terence
D:4:      layout_loops_cross, mainiacjoe_overflow_cross_hatched, serial_shops,
          shop, nicolae_take_the_stairs, kennysheep_generic_room_4
D:5:      layout_basic, minmay_temple_entry_fiery, kennysheep_generic_room_8
D:6:      layout_rooms
D:7:      layout_rooms, serial_shops, shop, corexii_leaking_fountain
D:8:      layout_loops_ring, nicolae_tso_swordbearing_angel,
          minmay_tree_intersection, uniq_psyche
D:9:      layout_roguey
D:10:     layout_gridville, nicolae_ru_awakened_eye, lair_entry_dummy,
          enter_trove_0, minmay_librarian
Temple:   compressed_dpeg_circular_temple
Lair:1:   layout_layer_cave, serial_bayou_shore_b, minmay_lair_oklob_chamber

Skill      XL: |  1  2  3  4  5  6  7  8  9 10 11 |
---------------+----------------------------------+-----
Spellcasting   | 3 4 5 6 7 8 |  8.8
Polearms       | 1 2 3 |  3.0
Fighting       | 1 3 4 5 6 |  6.2
Dodging        | 3 5 7 9 10 | 10.0
Throwing       | 1 2 |  2.7
Slings         | 3 4 |  4.6
Stealth        | |  1.5

Action                   |  1- 3 |  4- 6 |  7- 9 | 10-12 || total
-------------------------+-------+-------+-------+-------++-------
Melee: Spear             |    65 |    38 |    42 |     7 ||   152
 Fire: Hunting sling     |       |       |       |    82 ||    82
 Cast: Foxfire           |    40 |    63 |    74 |    36 ||   213
       Inner Flame       |     1 |       |       |     1 ||     2
       Sandblast         |       |    10 |    30 |    19 ||    59
       Conjure Flame     |       |     4 |    18 |     4 ||    26
       Slow              |       |     3 |     6 |     6 ||    15
       Sticky Flame      |       |     2 |    16 |     7 ||    25
       Poisonous Vapours |       |       |    30 |    15 ||    45
       Fireball          |       |       |     6 |    19 ||    25
       Passage of Golubr |       |       |       |     1 ||     1
 Abil: Evoke Blink       |       |       |       |     4 ||     4
Evoke: Wand              |       |     1 |       |       ||     1
  Use: Scroll            |     3 |     5 |     7 |     6 ||    21
       Potion            |       |       |     5 |     3 ||     8
 Stab: Sleeping          |     3 |     1 |       |       ||     4
Armor: Robe              |    19 |    20 |    26 |    11 ||    76
Dodge: Dodged            |    38 |    43 |    65 |    61 ||   207
Block: Other             |       |       |       |     6 ||     6
